 Dungeon Crawl Stone Soup version 0.24.0-1-gfbc8707122 (webtiles) character file.

Game seed: 2546638541501825259, levelgen mode: deterministic

16 Esekla the Charmwright (level 2, 0/14 HPs)
             Began as a Spriggan Skald on Oct 28, 2019.
             Succumbed to an adder's poison
             ... on level 2 of the Dungeon.
             The game lasted 00:04:56 (1159 turns).

Esekla the Charmwright (Spriggan Skald)             Turns: 1159, Time: 00:04:57

Health: 0/14       AC:  4    Str:  7    XL:     2   Next: 37%
Magic:  6/6        EV: 19    Int: 14    God:
Gold:   49         SH:  0    Dex: 15    Spells: 1/6 levels left

rFire    . . .     SeeInvis +   a - +0 short sword
rCold    . . .     Gourm    .   (shield restricted)
rNeg     . . .     Faith    .   b - +0 robe
rPois    .         Spirit   .   (helmet restricted)
rElec    .         Reflect  .   (no cloak)
rCorr    .         Harm     .   (gloves unavailable)
MR       .....                  (boots unavailable)
Stlth    +.........             (no amulet)
HPRegen  0.04/turn              c - +2 ring of protection
MPRegen  0.10/turn              (no ring)

@: lethally poisoned (0 -> -8), very slightly contaminated, invisible, very
quick
A: very small, unfitting armour, see invisible, herbivore, speed 3, slow
metabolism 2
a: no special abilities


You were on level 2 of the Dungeon.
You were not hungry.

You visited 1 branch of the dungeon, and saw 2 of its levels.

You collected 49 gold pieces.

Inventory:

Hand Weapons
 a - a +0 short sword (weapon)
 j - a cursed +0 hunting sling
Armour
 b - a +0 robe (worn)
Jewellery
 c - a +2 ring of protection (left hand)
Scrolls
 e - a scroll of fear {unknown}
 g - a scroll of remove curse {unknown}
 h - a scroll of identify
 i - a scroll of enchant weapon {unknown}
Potions
 f - a potion of invisibility
Comestibles
 d - a ration


   Skills:
 - Level 1.5 Fighting
 + Level 2.6 Short Blades
 + Level 4.4 Dodging
 - Level 2.6 Spellcasting
 - Level 4.4 Charms
 * Level 0.6 Translocations


You had one spell level left.
You knew the following spells:

 Your Spells              Type           Power        Failure   Level  Hunger
a - Infusion              Chrm           ##..         3%          1    #......
b - Song of Slaying       Chrm           ##......     5%          2    ###....
c - Shroud of Golubria    Chrm/Tloc      #.....       12%         2    ###....

Your spell library contained the following spells:

 Spells                   Type           Power        Failure   Level  Hunger
 Regeneration             Chrm/Necr      #.........   26%         3    ###....
 Spectral Weapon          Hex/Chrm       #.......     26%         3    ###....


Dungeon Overview and Level Annotations

Branches:
Dungeon (2/15)

Altars:


Innate Abilities, Weirdness & Mutations

You are very small and have problems with some larger weapons.
You are too small for most types of armour.
You have supernaturally acute eyesight. (SInv)
You are a herbivore.
You cover ground extremely quickly.
You need to consume almost no food.


Message History

The adder completely misses you. The adder closely misses you.
You closely miss the adder.
The adder is lightly wounded.
* * * LOW HITPOINT WARNING * * *
You feel sick. The adder misses you.
You fade into invisibility!
* * * LOW HITPOINT WARNING * * *
You feel sick. The adder misses you.
You are very lightly contaminated with residual magic.
You hit the adder.
The adder is heavily wounded.
* * * LOW HITPOINT WARNING * * *
You feel sick. The adder closely misses you.
You strike the helpless adder from behind!
You hit the adder.
The adder is almost dead.
The adder closely misses you. The adder barely misses you.
You barely miss the adder.
The adder is almost dead.
You die...

###############
#.............#
#.###########.#
###.###########.#
..#.##..........#
#.#.##.##########
#.#.##.# #S#.##<#
#@#.#### #.#.#
#.#.# #.#.# #.#.#
#...# #####


You could see an adder.

Vanquished Creatures
  A giant cockroach (D:1)
  6 hobgoblins (D:1)
  2 kobolds
  2 bats (D:1)
  A frilled lizard (D:1)
  A goblin (D:2)
  A rat (D:1)
14 creatures vanquished.

Notes
Turn   | Place    | Note
-------+----------+-------------------------------------------
     0 | D:1      | Esekla the Spriggan Skald began the quest for the Orb.
     0 | D:1      | Reached XP level 1. HP: 10/10 MP: 5/5
   361 | D:1      | Reached XP level 2. HP: 12/14 MP: 6/6
   378 | D:1      | Learned a level 2 spell: Song of Slaying
   381 | D:1      | Learned a level 2 spell: Shroud of Golubria
  1159 | D:2      | Succumbed to an adder's poison

Levels and vault maps discovered:
D:1:      lemuel_arrival_muddy, layout_basic
D:2:      layout_basic, uniq_robin, uniq_sigmund

Skill      XL: |  1 |
---------------+----+-----
Dodging        | 4 |  4.4
Fighting       | |  1.5
Short Blades   | |  2.6
Spellcasting   | |  2.6
Charms         | |  4.4
Translocations | |  0.6

Action                   || total
-------------------------++-------
Melee: Short sword       ||    97
  Use: Scroll            ||     1
       Potion            ||     1
 Stab: Invisible         ||     1
Armor: Robe              ||    10
Dodge: Dodged            ||    71
